 Dungeon Crawl Stone Soup version 0.19.4 (console) character file.

40266 itsmu the Geomancer (level 14, -2/97 HPs)
             Began as a Formicid Earth Elementalist on Jan 31, 2017.
             Was a High Priest of Hepliaklqana.
             Killed from afar by an orc sorcerer (20 damage)
             ... with a bolt of negative energy
             ... on level 2 of the Orcish Mines.
             The game lasted 01:32:45 (22009 turns).

itsmu the Geomancer (Formicid Earth Elementalist)  Turns: 22009, Time: 01:32:46

Health: -2/97      AC: 12    Str: 13    XL:     14   Next: 43%
Magic:  29/29      EV: 17    Int: 24    God:    Hepliaklqana [*****.]
Gold:   1339       SH: 12    Dex: 19    Spells: 4 memorised, 20 levels left

rFire  + . .     SeeInvis +     b - +2 falchion (drain)
rCold  + . .     Gourm    .     e - +2 robe {rC+ rF+}
rNeg   . . .     Faith    .     t - +0 shield
rPois  .         Spirit   .     (helmet unavailable)
rElec  .         Reflect  .     F - +2 cloak
rCorr  .         Harm     .     m - +1 pair of gloves {Dex+3}
MR     +....                    H - +2 pair of boots
Stlth  +++.......               l - amulet of magic regeneration
                                J - +4 ring of intelligence
                                j - ring of wizardry

@: agile, very slightly contaminated, drained, invisible
A: permanent stasis, dig shafts and tunnels, four strong arms, reduced essence,
antennae 3
a: Dig, Shaft Self, Recall Ancestor, Ancestor Identity, Transference, Idealise,
Renounce Religion


You were on level 2 of the Orcish Mines.
You worshipped Hepliaklqana.
Hepliaklqana was extremely pleased with you.
You were not hungry.

You visited 4 branches of the dungeon, and saw 21 of its levels.

You collected 1443 gold pieces.
You spent 104 gold pieces at shops.

Inventory:

Hand Weapons
 b - a +2 falchion of draining (weapon)
   (You found it on level 3 of the Dungeon)
 D - a +0 great sword of draining
   (You found it on level 2 of the Lair of Beasts)
Missiles
 a - 74 stones (quivered)
Armour
 e - a +2 robe of resistance (worn)
   (You took it off an orc wizard on level 9 of the Dungeon)
 m - a +1 pair of gloves of dexterity (worn)
   (You acquired it on level 6 of the Lair of Beasts)
 t - a +0 shield (worn)
   (You found it on level 4 of the Dungeon)
 F - a +2 cloak (worn)
   (You found it on level 3 of the Lair of Beasts)
 H - a +2 pair of boots (worn)
   (You found it on level 7 of the Dungeon)
Jewellery
 j - a ring of wizardry (left hand)
   (You took it off Edmund on level 5 of the Dungeon)
 l - an amulet of magic regeneration (around neck)
   (You found it on level 2 of the Dungeon)
 y - an uncursed ring of stealth
   (You found it on level 6 of the Dungeon)
 J - a +4 ring of intelligence (right hand)
   (You found it on level 11 of the Dungeon)
 Q - an uncursed ring of positive energy
   (You found it on level 4 of the Lair of Beasts)
 T - an uncursed ring of fire
   (You found it on level 5 of the Lair of Beasts)
Wands
 k - a wand of lightning (7/15)
   (You found it on level 1 of the Lair of Beasts)
 s - a wand of slowing (17/48)
   (You found it on level 9 of the Dungeon)
 v - a wand of confusion (21/48)
   (You found it on level 7 of the Dungeon)
 I - a wand of disintegration (15/24)
   (You found it on level 7 of the Dungeon)
 L - a wand of slowing (26/48)
   (You found it on level 2 of the Lair of Beasts)
 Y - a wand of iceblast (5/15)
   (You found it on level 5 of the Lair of Beasts)
Scrolls
 O - a scroll of enchant weapon
 S - a scroll of magic mapping
 V - a scroll of vulnerability
Potions
 h - a potion of might
 i - 3 potions of flight
 o - 5 potions of curing
 p - a potion of magic
 P - a potion of cancellation
 W - a potion of brilliance
Comestibles
 d - 14 bread rations


   Skills:
 - Level 9.4(8.8) Fighting
 * Level 8.3(7.7) Long Blades
   Level 2.1(1.6) Axes
 + Level 1.7(1.2) Dodging
 - Level 2.4(1.9) Stealth
 + Level 11.1(10.4) Shields
 - Level 11.1(10.4) Spellcasting
 - Level 11.0(10.4) Conjurations
   Level 1.1(0.6) Transmutations
 - Level 11.5(10.8) Earth Magic


You had 20 spell levels left.
You knew the following spells:

 Your Spells              Type           Power        Failure   Level  Hunger
a - Sandblast             Erth           ######       1%          1    None
b - Stone Arrow           Conj/Erth      ######       1%          3    None
c - Iron Shot             Conj/Erth      ######....   4%          6    #####..
f - Lee's Rapid Deconstr  Erth           ######....   1%          5    ####...


Dungeon Overview and Level Annotations

Branches:
Dungeon (12/15)            Temple (1/1) D:6            Lair (6/6) D:8
 Shoals (0/4) Lair:3       Spider (0/4) Lair:4        Slime (0/5) Lair:6
    Orc (1/2) D:12

Altars:
Ashenzari
Cheibriados
Dithmenos
Elyvilon
Fedhas
Gozag
Hepliaklqana
Kikubaaqudgha
Makhleb
Nemelex Xobeh
Okawaru
Qazlal
Ru
Sif Muna
Trog
Uskayaw
Vehumet
Xom
Yredelemnul
Zin
The Shining One
Jiyva

Shops:
D:10 *   Orc:2 ::=

Annotations:
D:3 ghost!
D:9 gastronok!, Gastronok
Lair:6 Y!


Innate Abilities, Weirdness & Mutations

You are under a permanent stasis effect.
You can dig through walls and to a lower floor.
Your four strong arms can wield two-handed weapons with a shield.
You have a pair of large antennae on your head. (SInv)
Your life essence is reduced. (-10% HP)


Message History

The orc wizard shouts!
The orc priest misses you.
You riposte.
You closely miss the orc priest.
The orc sorcerer suddenly complains.
The orc high priest prays to Beogh.
The orc sorcerer curses noisily.
The orc warrior throws a tomahawk.
The tomahawk closely misses the sixfirhy.
The tomahawk hits the ice devil!
The orc priest no longer looks unusually strong.
The orc sorcerer no longer looks unusually strong.
The orc knight no longer looks unusually strong.
The orc warrior no longer looks unusually strong.
The orc high priest mumbles some strange prayers to Beogh.
The orc sorcerer points at you and mumbles some strange words.
The bolt of negative energy hits the sixfirhy.
The sixfirhy completely resists.
The bolt of negative energy hits the ice devil.
The ice devil completely resists.
The bolt of negative energy hits you!
You feel drained.
You die...

#####
#....#####
##.....##
#...a.4o##
#...##4#oo#
#..
#o3#o)##
#..


#oooo#{o# #. ...ooo#o.# # ....4o4o#4# ###..3o4o#4# .....3ooo# #.....o#.# You
could see 2 orc knights, 2 orc high priests, an ice devil (wandering), a
sixfirhy (wandering), a neqoxec, 2 chaos spawn, 2 orc sorcerers, a red devil, 3
orc warriors, 2 orc priests and 2 orc wizards.

Vanquished Creatures
  3 hydras
  The ghost of Trampli the Basher, a journeyman GrFi of Okawaru (Lair:1)
  A death yak (Lair:3)
  Urug (Orc:1)
  An unseen horror (D:12)
  A hill giant (D:11)
  An oklob plant (Lair:4)
  A deep elf mage (D:12)
  A cyclops (D:10)
  A centaur zombie (D:12)
  A manticore (D:11)
  4 black mambas
  A gargoyle (D:11)
  2 elephants
  Psyche (D:9)
  5 spiny frogs
  A torpor snail (Lair:5)
  5 komodo dragons
  3 rime drakes
  A queen bee (D:11)
  A troll (D:11)
  5 polar bears
  A two-headed ogre (Orc:1)
  A snapping turtle (Lair:3)
  6 blink frogs
  2 dream sheep (Lair:5)
  5 hippogriffs
  2 wyverns
  A shadow (D:12)
  A wraith (D:12)
  2 hungry ghosts
  16 yaks
  2 basilisks
  Menkaure (D:5)
  Edmund (D:5)
  Duvessa (D:6)
  14 water moccasins
  4 porcupines
  6 orc warriors
  5 ice beasts
  2 eyes of draining
  A phantom (D:6)
  3 sky beasts
  A black bear (D:12)
  6 ogres
  7 wolves (Lair:6)
  2 necrophages (D:12)
  The ghost of Paps the Covered, an amateur DsFi (D:3)
  9 crocodiles
  9 centaurs
  A big kobold (D:9)
  12 bullfrogs
  2 scorpions
  Dowan (D:6)
  30 killer bees
  10 wights
  An electric eel (Lair:1)
  2 hexers
  6 howler monkeys
  6 crimson imps
  2 quasits
  5 hounds
  A centaur skeleton (D:9)
  13 orc priests
  13 orc wizards
  4 bullfrog skeletons
  2 iguanas
  Ijyb (D:3)
  Terence (D:2)
  4 worker ants
  A hound skeleton (D:6)
  A worker ant zombie (D:7)
  A howler monkey skeleton (D:10)
  8 gnolls
  12 adders
  2 shadow imps
  An adder zombie (D:8)
  An adder skeleton (D:8)
  A dart slug (D:3)
  3 leopard geckos
  60 orcs
  2 giant cockroaches (D:3)
  5 hobgoblins (D:2)
  11 kobolds
  4 quokkas
  A ball python (D:1)
  8 bats
  2 frilled lizards
  13 goblins
  2 jackal skeletons (D:6)
  A leopard gecko skeleton (D:6)
  A quokka skeleton (D:5)
  4 rats
  2 fungi
418 creatures vanquished.

Vanquished Creatures (collateral kills)
  5 death yaks
  Nergalle (Lair:1)
  An orb spider (Lair:4)
  An oklob plant (Lair:6)
  3 elephants
  A spiny frog (Lair:6)
  A komodo dragon (Lair:1)
  A polar bear (Lair:6)
  A hornet (D:12)
  A blink frog (Lair:2)
  A yak (Lair:4)
  A basilisk (Lair:6)
  A steam dragon (D:8)
  A hungry ghost (D:7)
  2 water moccasins
  A porcupine (Lair:4)
  An orc warrior (D:8)
  2 sky beasts
  A crocodile (Lair:2)
  A bullfrog (D:10)
  2 killer bees
  2 wights (D:11)
  2 hounds (D:7)
  A gnoll (D:8)
  8 orcs
  3 kobolds (D:9)
  A fungus (D:8)
47 creatures vanquished.

Vanquished Creatures (others)
  5 ancestors
  8 hexers
  4 fungi
  2 plants
19 creatures vanquished.

Grand Total: 484 creatures vanquished

Notes
Turn   | Place    | Note
-------+----------+-------------------------------------------
     0 | D:1      | itsmu the Formicid Earth Elementalist began the quest for the Orb.
     0 | D:1      | Reached XP level 1. HP: 13/13 MP: 3/3
   404 | D:1      | Reached XP level 2. HP: 20/20 MP: 3/5
   515 | D:1      | crazy vault
  1258 | D:2      | Found an iron altar of Okawaru.
  1443 | D:2      | Reached XP level 3. HP: 25/25 MP: 4/6
  1450 | D:2      | Reached skill level 1 in Axes
  1533 | D:2      | Noticed Terence
  1912 | D:2      | Killed Terence
  1912 | D:2      | Reached skill level 1 in Fighting
  1912 | D:2      | Reached XP level 4. HP: 26/32 MP: 0/7
  2021 | D:2      | Learned a level 3 spell: Stone Arrow
  2069 | D:2      | You fall through a shaft for 2 floors!
  2070 | D:4      | wow
  2239 | D:3      | Noticed Ijyb
  2725 | D:3      | Reached skill level 5 in Earth Magic
  2770 | D:3      | Reached XP level 5. HP: 36/38 MP: 8/8
  2831 | D:3      | Killed Ijyb
  2831 | D:3      | Reached skill level 1 in Conjurations
  3228 | D:3      | Noticed Paps's ghost (amateur DsFi)
  3334 | D:4      | Noticed an ogre
  3549 | D:4      | Reached XP level 6. HP: 33/44 MP: 3/9
  3756 | D:5      | Entered Level 5 of the Dungeon
  3759 | D:5      | Noticed Edmund
  3872 | D:5      | Found a sparkling altar of Nemelex Xobeh.
  4011 | D:5      | Found a sacrificial altar of Ru.
  4228 | D:5      | Reached XP level 7. HP: 50/50 MP: 9/11
  4433 | D:5      | Killed Edmund
  4580 | D:5      | Noticed Menkaure
  4585 | D:5      | Killed Menkaure
  4585 | D:5      | Reached XP level 8. HP: 56/56 MP: 10/14
  4715 | D:5      | Reached skill level 5 in Spellcasting
  5197 | D:3      | Killed Paps's ghost
  5741 | D:6      | Found a staircase to the Ecumenical Temple.
  5883 | D:6      | Learned a level 5 spell: Lee's Rapid Deconstruction
  5898 | D:6      | Noticed Duvessa
  5944 | Temple   | Entered the Ecumenical Temple
  6087 | D:6      | Reached XP level 9. HP: 61/61 MP: 6/16
  6174 | D:6      | Reached skill level 10 in Earth Magic
  6187 | D:6      | Found a shadowy altar of Dithmenos.
  6558 | D:6      | Noticed Dowan
  6819 | D:6      | Found a shimmering altar of Xom.
  6820 | D:6      | Found a snail-covered altar of Cheibriados.
  6826 | D:6      | Found a hazy altar of Hepliaklqana.
  6831 | D:6      | Became a worshipper of Hepliaklqana the Forgotten
  6944 | D:6      | Found a deep blue altar of Sif Muna.
  7111 | D:6      | Identified Sif Muna's Compendium of the Oath
  7346 | D:6      | Killed Dowan
  7364 | D:7      | probably a mistake
  8081 | D:8      | Reached XP level 10. HP: 60/60 MP: 21/23
  8165 | D:8      | Found a staircase to the Lair.
  8506 | D:8      | Reached skill level 10 in Spellcasting
  8552 | D:8      | Reached * piety under Hepliaklqana
  8608 | D:8      | Reached skill level 1 in Shields
  9055 | D:7      | Reached skill level 1 in Long Blades
  9640 | D:6      | Killed Duvessa
  9828 | D:9      | Noticed Gastronok
  9829 | D:9      | erm
  9927 | Lair:1   | Entered Level 1 of the Lair of Beasts
  9927 | Lair:1   | Noticed a black mamba
  9932 | Lair:1   | Killed a black mamba
  9932 | Lair:1   | Reached skill level 5 in Shields
 10022 | Lair:1   | Noticed Trampli's ghost (journeyman GrFi)
 10034 | Lair:1   | nice
 10035 | Lair:1   | wow i'm fucked
 10050 | Lair:1   | Reached XP level 11. HP: 45/70 MP: 10/25
 10234 | D:8      | not sure what to do about that
 10234 | D:8      | nice book
 10246 | D:8      | ok sandblast does nothing
 10549 | D:8      | starrow does hardly anything either
 10794 | D:8      | does that boost spellpower?
 10795 | D:8      | hm
 10805 | Lair:1   | Killed Trampli's ghost
 10805 | Lair:1   | Reached skill level 5 in Fighting
 10806 | Lair:1   | -_-;;
 10981 | Lair:1   | Reached ** piety under Hepliaklqana
 10982 | Lair:1   | Remembered your ancestor Her Majesty as a hexer
 11195 | Lair:1   | Noticed Nergalle
 11291 | Lair:1   | not sure i'll have the conj for these
 11494 | Lair:1   | Killed Nergalle
 12216 | Lair:2   | Reached skill level 5 in Long Blades
 12637 | Lair:3   | Noticed a six-headed hydra
 12655 | Lair:3   | Killed a six-headed hydra
 12771 | Lair:3   | Noticed a death yak
 12771 | Lair:3   | Noticed a death yak
 12772 | Lair:3   | Noticed a death yak
 12791 | Lair:3   | Killed a death yak
 12791 | Lair:3   | Reached XP level 12. HP: 62/80 MP: 17/26
 12799 | Lair:3   | Noticed a death yak
 12815 | Lair:3   | Noticed a death yak
 12817 | Lair:3   | Noticed a death yak
 12820 | Lair:3   | Killed a death yak
 13061 | Lair:3   | Noticed a four-headed hydra
 13069 | Lair:3   | Killed a four-headed hydra
 13234 | Lair:3   | Found a staircase to the Shoals.
 13483 | Lair:2   | Killed a death yak
 13648 | Lair:3   | Killed a death yak
 13782 | Lair:3   | Killed a death yak
 13782 | Lair:3   | Reached skill level 5 in Conjurations
 14039 | Lair:3   | Reached *** piety under Hepliaklqana
 14203 | Lair:3   | Killed a death yak
 14265 | Lair:4   | Reached skill level 10 in Shields
 14594 | Lair:4   | Found a hole to the Spider Nest.
 14904 | Lair:4   | Reached XP level 13. HP: 74/89 MP: 22/27
 15413 | Lair:5   | Reached **** piety under Hepliaklqana
 15863 | Lair:6   | Entered Level 6 of the Lair of Beasts
 16225 | Lair:6   | Got a jewelled scale mail
 16245 | Lair:6   | Identified a scroll of acquirement
 16252 | Lair:6   | fair enough
 16562 | Lair:6   | Identified the cursed +1 scale mail "Lyodd" {rN++} (You found it on level 6 of the Lair of Beasts)
 16910 | Lair:6   | Found a viscous altar of Jiyva.
 16910 | Lair:6   | Found a staircase to the Slime Pits.
 17189 | Lair:6   | Noticed a catoblepas
 17577 | D:9      | Noticed Psyche
 17581 | D:9      | Killed Psyche
 17923 | D:9      | Reached ***** piety under Hepliaklqana
 18234 | D:10     | Entered Level 10 of the Dungeon
 18647 | D:10     | Found Faddolacha's General Store.
 18655 | D:10     | Bought a potion of curing for 39 gold pieces
 18655 | D:10     | Bought a scroll of identify for 26 gold pieces
 18655 | D:10     | Bought a potion of curing for 39 gold pieces
 18816 | D:10     | Got a faintly humming robe
 19050 | D:10     | Reached XP level 14. HP: 80/97 MP: 26/29
 19628 | D:11     | Identified the cursed +1 robe of Courage {rF+ Slay+3} (You found it on level 10 of the Dungeon)
 19628 | D:11     | hm
 20214 | D:12     | Reached skill level 10 in Conjurations
 20359 | D:12     | Found a glowing silver altar of Zin.
 20505 | D:12     | !
 20505 | D:12     | is that better than slaying
 21107 | D:12     | Found a staircase to the Orcish Mines.
 21243 | Lair:1   | Learned a level 6 spell: Iron Shot
 21409 | Orc:1    | Entered Level 1 of the Orcish Mines
 21447 | D:12     | kind of dumb
 21715 | Orc:1    | Noticed Urug
 21808 | Orc:1    | Killed Urug
 21991 | Orc:1    | You fall through a shaft!
 21991 | Orc:2    | Entered Level 2 of the Orcish Mines
 21991 | Orc:2    | Found Files's Book Shoppe.
 21991 | Orc:2    | Found Rohuvaox's Book Shop.
 21992 | Orc:2    | wow
 21992 | Orc:2    | well that's the end of this game
 21992 | Orc:2    | crazy
 21995 | Orc:2    | Found Hanagil's Jewellery Shop.
 21998 | Orc:2    | literally nothing i can do
 22009 | Orc:2    | Killed from afar by an orc sorcerer

Skill      XL: |  1  2  3  4  5  6  7  8  9 10 11 12 13 14 |
---------------+-------------------------------------------+-----
Earth Magic    | 4 5 6 9 10 11 | 11.5
Axes           | 1 2 |  2.1
Fighting       | 1 2 4 6 8 9 |  9.4
Conjurations   | 2 3 4 5 8 11 | 11.0
Spellcasting   | 3 4 5 9 10 11 | 11.1
Shields        | 6 8 10 11 | 11.1
Long Blades    | 3 5 7 8 |  8.3
Dodging        | |  1.7
Stealth        | |  2.4
Transmutations | |  1.1

Action                   |  1- 3 |  4- 6 |  7- 9 | 10-12 | 13-15 || total
-------------------------+-------+-------+-------+-------+-------++-------
Melee: Hand axe          |    18 |     7 |       |       |       ||    25
       Quarterstaff      |       |    34 |    57 |       |       ||    91
       Falchion          |       |       |       |    60 |    62 ||   122
Throw: Stone             |     1 |     3 |       |       |       ||     4
 Cast: Sandblast         |    59 |    66 |   109 |   141 |   255 ||   630
       Stone Arrow       |       |       |    38 |   130 |   141 ||   309
       Lee's Rapid Decon |       |       |     7 |    18 |    12 ||    37
Invok: Recall Ancestor   |       |       |     3 |     3 |     2 ||     8
       Ancestor Identity |       |       |     1 |       |       ||     1
       Ancestor Life: He |       |       |       |     1 |       ||     1
 Abil: Dig               |       |       |     5 |     5 |     3 ||    13
Evoke: Wand              |       |     2 |    12 |     2 |       ||    16
  Use: Scroll            |     5 |     6 |     3 |     8 |    17 ||    39
       Potion            |     1 |       |     1 |     4 |     8 ||    14
 Stab: Invisible         |     3 |       |     1 |       |       ||     4
       Sleeping          |       |       |       |     2 |       ||     2
       Distracted        |       |       |       |       |     2 ||     2
  Eat: Beef jerky        |     1 |       |       |     1 |       ||     2
       Chunk             |     2 |     9 |    15 |    15 |    19 ||    60
       Fruit             |       |       |       |     5 |       ||     5
       Meat ration       |       |       |       |     1 |       ||     1
       Pizza             |       |       |       |       |     2 ||     2
       Bread ration      |       |       |       |       |     1 ||     1
Armor: Leather armour    |     5 |    29 |    20 |    15 |       ||    69
       Skin              |       |       |       |    28 |       ||    28
       Robe              |       |       |       |     9 |    29 ||    38
       Scale mail        |       |       |       |       |    48 ||    48
Dodge: Dodged            |    36 |    44 |    57 |    62 |   123 ||   322
Block: Shield            |       |       |       |    44 |   166 ||   210
       Rpst.: Falchion   |       |       |       |    12 |     9 ||    21
